 Dungeon Crawl Stone Soup version 0.29-a0-118-g06d03a830b (webtiles) character file.

Game seed: 8606429788730257803

425 Grim the Shooter (level 6, -4/50 HPs)
             Began as a Minotaur Hunter on Feb 19, 2022.
             Slain by a mummy (10 damage)
             ... in an ossuary.
             The game lasted 00:06:33 (3490 turns).

Grim the Shooter (Minotaur Hunter)                  Turns: 3490, Time: 00:06:33

Health: -4/50      AC:  4    Str: 16    XL:     6   Next: 64%
Magic:  5/5        EV: 12    Int:  8    God:
Gold:   209        SH:  0    Dex: 13    Spells: 5/5 levels left

rFire   . . .      SeeInvis .   b - +0 broad axe
rCold   . . .      Faith    .   (no shield)
rNeg    . . .      Spirit   .   c - +0 leather armour
rPois   .          Reflect  .   (helmet restricted)
rElec   .          Harm     .   (no cloak)
rCorr   +          Rampage  .   o - +0 pair of gloves
Will    .....                   (no boots)
Stlth   +.........              i - amulet of the acrobat
HPRegen 0.16/turn               j - ring of resist corrosion
MPRegen 0.09/turn               (no ring)

@: no status effects
A: horns 2, retaliatory headbutt
a: no special abilities


You were in an ossuary.
You visited 1 branch of the dungeon, and saw 4 of its levels.
You also visited: Ossuary.

You collected 209 gold pieces.

Inventory:

Hand Weapons
 a - a +1 shortbow
 b - a +0 broad axe (weapon)
 x - a +0 hand axe
Armour
 c - a +0 leather armour (worn)
 o - a +0 pair of gloves (worn)
Jewellery
 i - an amulet of the acrobat (around neck)
 j - a ring of resist corrosion (left hand)
 l - an amulet of reflection
Scrolls
 e - 3 scrolls of identify {unknown}
 f - a scroll of blinking {unknown}
 g - a scroll of enchant armour {unknown}
 k - a scroll of immolation {unknown}
 m - a scroll of enchant weapon {unknown}
 p - a scroll of brand weapon {unknown}
 q - a scroll of fog {unknown}
 t - a scroll of teleportation {unknown}
 u - a scroll of noise {unknown}
 v - a scroll of summoning {unknown}
Potions
 h - a potion of might {unknown}
 n - a potion of magic {unknown}
 r - 2 potions of resistance {unknown}
 s - a potion of curing {unknown}
 w - a potion of cancellation {unknown}


   Skills:
 - Level 2.4 Fighting
 + Level 4.1 Axes
 * Level 7.9 Bows
 - Level 2.1 Dodging
 - Level 0.7 Stealth


You had 5 spell levels left.
You didn't know any spells.
Your spell library contained the following spells:

 Spells                   Type           Power      Damage    Failure   Level
 Blink                    Tloc           0%         N/A       63%         2
 Lesser Beckoning         Tloc           0%         N/A       85%         3
 Manifold Assault         Tloc           0%         N/A       100%        5


Dungeon Overview and Level Annotations

Branches:
Dungeon (4/15)            Ossuary (1/1)
 Temple: D:4-7

Altars:
Okawaru
Sif Muna


Innate Abilities, Weirdness & Mutations

You have a pair of horns on your head.
You reflexively headbutt those who attack you in melee.


Message History

You headbutt the human zombie.
The human zombie is heavily damaged.
You barely miss the hobgoblin zombie. The human zombie barely misses you.
The hobgoblin zombie hits you.
* * * LOW HITPOINT WARNING * * *
You closely miss the human zombie.
The human zombie is heavily damaged.
You hit the hobgoblin zombie but do no damage.
The human zombie misses you. The hobgoblin zombie hits you.
* * * LOW HITPOINT WARNING * * *
You hit the hobgoblin zombie.
The hobgoblin zombie is moderately damaged.
You hit the human zombie. The human zombie misses you.
The hobgoblin zombie closely misses you.
The human zombie hits you but does no damage.
You slash the hobgoblin zombie!
You destroy the hobgoblin zombie!
You closely miss the human zombie. The human zombie barely misses you.
You hit the human zombie.
The human zombie is severely damaged.
The human zombie hits you.
* * * LOW HITPOINT WARNING * * *
You slash the human zombie!
The human zombie is almost destroyed.
The human zombie hits you but does no damage.
You hit the human zombie.
The human zombie is almost destroyed.
You hit the mummy. The human zombie misses you.
You hit the human zombie.
You destroy the human zombie!
You barely miss the mummy. The mummy barely misses you.
You furiously retaliate!
You headbutt the mummy. You barely miss the mummy. You headbutt the mummy.
The mummy is severely damaged.
The mummy hits you!
* * * LOW HITPOINT WARNING * * *
You barely miss the mummy.
The mummy is severely damaged.
The mummy hits you!
You die...

.Z#.####..####Z#...#
..#.Z..Z..Z....#...#
..#.......####M#...#
..#.......# #...#
..#.......# #...#
..#.....∩.# #...#
..####+.... #...#
..# #...# #...# ..#
#...# #@..#
((##############M..#
..((M.....Z........#
(...((..∩∩.........#
####################


You could see a mummy.

Vanquished Creatures
  An elf zombie (Ossuary)
  2 centaur zombies (Ossuary)
  A bullfrog skeleton (D:4)
  3 human zombies (Ossuary)
  A hound skeleton (D:3)
  A mummy (Ossuary)
  6 adders
  A worm (D:2)
  3 dart slugs
  9 endoplasms
  4 giant cockroaches
  7 goblins
  6 hobgoblins
  3 jackals (D:3)
  4 kobolds
  3 quokkas
  8 ball pythons
  4 bats
  4 frilled lizards
  6 hobgoblin zombies
  2 jackal zombies
  8 kobold zombies (Ossuary)
  9 orc zombies (Ossuary)
  A quokka skeleton (D:4)
  3 rats
  2 rat zombies (Ossuary)
  A bush (D:1)
103 creatures vanquished.

Notes
Turn   | Place    | Note
-------+----------+-------------------------------------------
     0 | D:1      | Grim the Minotaur Hunter began the quest for the Orb.
     0 | D:1      | Reached XP level 1. HP: 18/18 MP: 0/0
    66 | D:1      | Reached XP level 2. HP: 20/25 MP: 1/1
   169 | D:1      | Reached skill level 5 in Bows
   343 | D:1      | Found a faded altar of an unknown god.
  1161 | D:2      | Reached XP level 3. HP: 30/30 MP: 2/2
  1303 | D:2      | Reached skill level 1 in Axes
  1711 | D:2      | Reached XP level 4. HP: 37/37 MP: 3/3
  1806 | D:2      | Reached skill level 6 in Bows
  2636 | D:3      | Reached XP level 5. HP: 42/42 MP: 4/4
  2637 | D:3      | Found a shimmering blue altar of Sif Muna.
  2641 | D:3      | Found an iron altar of Okawaru.
  2995 | D:4      | Found a sand-covered staircase.
  3028 | Ossuary  | Entered an ossuary
  3228 | Ossuary  | Reached skill level 7 in Bows
  3237 | Ossuary  | Reached XP level 6. HP: 25/50 MP: 5/5
  3490 | Ossuary  | Slain by a mummy

Illustrated notes

Levels and vault maps discovered:
D:1:      dpeg_arrival_round_a, layout_loops_ring,
          hellmonk_ecumenical_altar_inner_sanctum, minmay_hedge_maze,
          minmay_unequal
D:2:      layout_loops_ring
D:3:      layout_basic, chequers_temple_overflow_statue_of_worship
D:4:      layout_basic, enter_ossuary_3, minmay_curled_crystal
Ossuary:  ossuary_tomb_1

Skill      XL: |  1  2  3  4  5  6 |
---------------+-------------------+-----
Bows           | 5 6 7 |  7.9
Axes           | 1 2 3 4 |  4.1
Fighting       | |  2.4
Dodging        | |  2.1
Stealth        | |  0.7

Action                   |  1- 3 |  4- 6 || total
-------------------------+-------+-------++-------
Melee: Short sword       |     7 |       ||     7
       Hand axe          |   108 |    11 ||   119
       Headbutt          |    36 |    18 ||    54
       Punch             |     6 |     1 ||     7
       Broad axe         |       |    50 ||    50
 Fire: Shortbow          |    60 |   122 ||   182
Armor: Leather armour    |     3 |    24 ||    27
Dodge: Dodged            |    15 |    56 ||    71

Table legend: (Time is in decaauts)
 A = Elapsed time spent in this place.
 B = Non-inter-level travel time spent in this place.
 C = Inter-level travel time spent in this place.
 D = Time resting spent in this place.
 E = Time spent auto-exploring this place.
 F = Levels seen in this place.
 G = Mean time per level.
                   A        B        C        D        E       F      G
               +--------+--------+--------+--------+--------+-----+--------+
         Total |   3510 |   3406 |    104 |    239 |   2418 |   5 |  702.0 |
       Dungeon |   3037 |   2933 |    104 |     52 |   2325 |   4 |  759.2 |
       Ossuary |    473 |    473 |      0 |    187 |     93 |   1 |  473.0 |
               +--------+--------+--------+--------+--------+-----+--------+

Top non-repeatable levels by time:
     D:1: 1139 daAuts
     D:2: 1007 daAuts
     D:3: 807 daAuts
 Ossuary: 473 daAuts
     D:4: 82 daAuts
